 Dungeon Sprint DCSS version 0.28.0-53-g5a82cb258f (webtiles) character file.

Game seed: 1215453020110037164

7 Atelerd the Covered (level 2, -1/25 HPs)
             Began as a Gargoyle Gladiator on July 17, 2022.
             Was an Initiate of Jiyva.
             Slain by a vault sentinel
             ... wielding a +0 morningstar
              (2 damage)
             ... in the Dungeon (Sprint V: "Ziggurat Sprint").
             The game lasted 00:01:40 (60 turns).

Atelerd the Covered (Gargoyle Gladiator)              Turns: 60, Time: 00:01:40

Health: -1/25      AC: 32    Str: 29    XL:     2   Next: 0%
Magic:  2/2        EV:  9    Int:  8    God:    Jiyva [......]
Gold:   0          SH:  0    Dex: 11    Spells: 1/1 levels left

rFire   + + .      SeeInvis .   E - +7 great mace "Firestarter" {inner flame, rF++}
rCold   . . .      Faith    .   (shield currently unavailable)
rNeg    + . .      Spirit   .   a - +15 Maxwell's patent armour {-Cast -Tele rElec Will+ rCorr}
rPois   ∞          Reflect  .   c - +0 helmet
rElec   +          Harm     .   (no cloak)
rCorr   +          Rampage  .   (no gloves)
Will    +....      NoTele   +   (no boots)
Stlth   .......... NoCast   +   (no amulet)
HPRegen 0.08/turn               C - +6 ring of strength
MPRegen 0.08/turn               D - +6 ring of strength

@: berserking, invisible, very quick
A: sickness immunity, AC +2, negative energy resistance 1, electricity
resistance, torment resistance 1, petrification resistance
a: Renounce Religion


You were in the Dungeon.
You worshipped Jiyva.
Jiyva was noncommittal.
You visited 1 branch

Inventory:

Hand Weapons
 E - the +7 great mace "Firestarter" (weapon) {inner flame, rF++}
   (You found it in the Dungeon)

   It burns those it strikes, dealing additional fire damage.
   It fills those it strikes with an explosive inner flame.
   It grants immunity to clouds of flame.
   rF:        It greatly protects you from fire.
Missiles
 d - 3 throwing nets (quivered)
Armour
 a - the +15 Maxwell's patent armour (worn) {-Cast -Tele rElec Will+ rCorr}
   (You found it in the Dungeon)

   rElec:     It insulates you from electricity.
   -Cast:     It prevents spellcasting.
   -Tele:     It prevents most forms of teleportation.
   rCorr:     It protects you from acid and corrosion.
   Will:      It increases your willpower.
 b - the +18 shield of the Gong {rElec rN+ Will+ EV-5}
   (You found it in the Dungeon)

   It is deafeningly noisy when blocking attacks.
   EV:        It affects your evasion (-5).
   rElec:     It insulates you from electricity.
   rN:        It protects you from negative energy.
   Will:      It increases your willpower.
 c - a +0 helmet (worn)
Jewellery
 x - a ring of flight
 y - a +6 ring of dexterity
 z - a +6 ring of dexterity
 A - a +6 ring of intelligence
 B - a +6 ring of intelligence
 C - a +6 ring of strength (left hand)
 D - a +6 ring of strength (right hand)
Wands
 u - a wand of mindburst (7)
 v - a wand of iceblast (7)
 w - a wand of acid (7)
Scrolls
 j - 4 scrolls of blinking
 k - 4 scrolls of amnesia
 l - 7 scrolls of fog
 m - a scroll of holy word
 n - 5 scrolls of identify
 o - 2 scrolls of fear
Potions
 e - 10 potions of curing
 f - 10 potions of heal wounds
 g - 6 potions of haste
 h - 7 potions of magic
 i - 2 potions of berserk rage
 p - 2 potions of brilliance
 q - a potion of invisibility
 r - 4 potions of resistance
 t - 5 potions of might


   Skills:
 + Level 2.1 Fighting
 + Level 3.0 Maces & Flails
 + Level 1.7 Throwing
 + Level 6.4 Armour
 + Level 4.3 Dodging


You had one spell level left.
You didn't know any spells.
Your spell library was empty.

Dungeon Overview and Level Annotations

Branches:
Dungeon (1/1)

Altars:
Ashenzari
Cheibriados
Dithmenos
Elyvilon
Fedhas
Gozag
Hepliaklqana
Kikubaaqudgha
Makhleb
Nemelex Xobeh
Okawaru
Qazlal
Ru
Sif Muna
Trog
Uskayaw
Vehumet
Wu Jian
Xom
Yredelemnul
Zin
The Shining One
Beogh
Jiyva
Lugonu

Annotations:
D 1 transporter


Innate Abilities, Weirdness & Mutations

You are immune to sickness and miasma.
Your stone body is resilient. (AC +2)
You are immune to poison.
You resist negative energy. (rN+)
You are resistant to electric shocks. (rElec)
You are resistant to unholy torment.
You are immune to petrification.


Message History

Welcome to arena 1.
You enter the transporter and appear at another place.
A vault warden and a vault sentinel come into view.
The vault sentinel blows a loud note on a signal horn!
Found two items.
Found a transporter.
You fade into invisibility!
Press: ? - help, v - describe, . - travel
Here: a vault warden, wielding a +0 war axe, wearing a +0 plate armour and wearing a +0 tower shield The floor.
Unknown command.
A red film seems to cover your vision as you go berserk!
You feel yourself moving faster!
You feel mighty! The vault warden barely misses you.
You hear a distant slurping noise.
The vault warden blocks your attack.
The vault sentinel blows a loud note on a signal horn!
The vault warden hits you with a +0 war axe.
Unknown command.
Unknown command.
You barely miss the vault warden.
The vault sentinel hits you but does no damage.
The vault warden hits you with a +0 war axe!!
Ouch! That really hurt!
* * * LOW HITPOINT WARNING * * *
Unknown command.
Unknown command.
The vault warden blocks your attack. The vault sentinel closely misses you.
The vault warden closely misses you.
Unknown command.
You sock the vault warden! You burn the vault warden.
The vault warden is filled with an inner flame.
The vault warden is lightly wounded.
The vault sentinel hits you but does no damage.
The vault warden hits you with a +0 war axe.
* * * LOW HITPOINT WARNING * * *
You hear a distant slurping noise.
The vault warden blocks your attack.
The vault warden is lightly wounded.
The vault sentinel hits you with a +0 morningstar.
You die...

▓▓▓▓▓▓▓
▓.8©8.▓
▓.....▓
▓.).}.▓
▓.....▓
▓..pp.▓
▓..@..▓
▓▓▓▓▓▓▓


You could see a vault warden (inner flame) and a vault sentinel.

Vanquished Creatures (others)
  the Royal Jelly (D)
  Gloorx Vloq (D)
  Sojobo (D)
  Boris (D)
  the Lernaean hydra (D)
  Margery (D)
  Jory (D)
  Rupert (D)
  2 acid blobs (D)
  2 azure jellies (D)
  3 rockslimes (D)
  Aizul (D)
  7 quicksilver oozes (D)
  Erica (D)
  Joseph (D)
  Pargi (D)
  Blork the orc (D)
27 creatures vanquished.

Notes
Turn   | Place    | Note
-------+----------+-------------------------------------------
     0 | D        | Atelerd the Gargoyle Gladiator began the quest for the Orb.
     0 | D        | Reached XP level 1. HP: 12/12 MP: 1/1
     0 | D        | Found a blossoming altar of Fedhas.
     0 | D        | Found the +6 Majin-Bo {vamp, MP+6 Int+6}
     0 | D        | Found the +9 heavy crossbow "Sniper" {vorpal, Acc+∞ SInv}
     0 | D        | Found the +10 dark maul {vorpal}
     0 | D        | Found the +15 Maxwell's patent armour {-Cast -Tele rElec
                  | Will+ rCorr}
     0 | D        | Found the +18 shield of the Gong {rElec rN+ Will+ EV-5}
     0 | D        | Found the +14 obsidian axe {vorpal, Mesm Drain Fly SInv}
     0 | D        | Found the +7 great mace "Firestarter" {inner flame, rF++}
     0 | D        | Found the +6 shillelagh "Devastator" {shatter}
     0 | D        | Found the +11 plutonium sword {Contam Stlth-}
     0 | D        | Found the +8 lance "Wyrmbane" {slay drac, rPois rF+ rC+
                  | AC+3}
     0 | D        | Found the +9 sword of Zonguldrok {reap}
     0 | D        | Found the +13 scythe of Curses {drain, Drain}
     0 | D        | Found the +5 sword of Power {vorpal}
     0 | D        | Found the +7 mace of Variability {chain chaos}
     0 | D        | Found the +7 Singing Sword {vorpal, sonic wave}
     0 | D        | Found the +8 storm bow {elec, penet}
     1 | D        | Found a transporter.
     1 | D        | Found a viscous altar of Jiyva.
     1 | D        | Found an ancient bone altar of Kikubaaqudgha.
     1 | D        | Found a hazy altar of Hepliaklqana.
     1 | D        | Found a corrupted altar of Lugonu.
     1 | D        | Found an opulent altar of Gozag.
     1 | D        | Found a burning altar of Makhleb.
     2 | D        | Found a sacrificial altar of Ru.
     2 | D        | Found a shimmering blue altar of Sif Muna.
     2 | D        | Found a stormy altar of Qazlal.
     2 | D        | Found a bloodstained altar of Trog.
     2 | D        | Found an iron altar of Okawaru.
     2 | D        | Found a sparkling altar of Nemelex Xobeh.
     8 | D        | Banished a spatial maelstrom
    43 | D        | Became a worshipper of Jiyva Jaraz the Shapeless
    43 | D        | Killed Joseph
    45 | D        | Killed the 27-headed Lernaean hydra
    45 | D        | Killed Pargi
    45 | D        | Killed a quicksilver ooze
    45 | D        | Killed Blork the orc
    47 | D        | Reached skill level 6 in Armour
    47 | D        | Reached XP level 2. HP: 17/17 MP: 2/2
    47 | D        | Killed Erica
    47 | D        | Killed Margery
    47 | D        | Killed an azure jelly
    49 | D        | Killed Rupert
    50 | D        | Killed Boris
    51 | D        | Killed a quicksilver ooze
    51 | D        | Killed a rockslime
    51 | D        | Killed a quicksilver ooze
    51 | D        | Killed an acid blob
    51 | D        | Killed a quicksilver ooze
    51 | D        | Killed a rockslime
    52 | D        | Killed Aizul
    52 | D        | Killed Sojobo
    53 | D        | Entered arena 2.
    53 | D        | Noticed a vault warden
    53 | D        | Noticed a vault sentinel
    53 | D        | Killed an azure jelly
    53 | D        | Killed an acid blob
    53 | D        | Found a transporter.
    54 | D        | Killed a quicksilver ooze
    54 | D        | Killed the Royal Jelly
    55 | D        | Killed a rockslime
    55 | D        | Killed a quicksilver ooze
    57 | D        | Killed Jory
    59 | D        | Killed Gloorx Vloq
    59 | D        | Killed a quicksilver ooze
    59 | D        | HP: 1/25 [vault warden/+0 war axe (4)]
    60 | D        | Slain by a vault sentinel

Illustrated notes

Levels and vault maps discovered:
D:        sprint_v [room_start, room_1, room_2, room_3, room_4, room_5, room_6,
          room_7, room_8, room_9, room_10, room_11, room_12, room_13, room_14,
          room_15, room_16, room_17, room_18, room_19, room_20, room_21,
          room_22, room_23, room_24, room_25, room_26, room_27]

Skill      XL: |  1 |
---------------+----+-----
Armour         | 6 |  6.4
Dodging        | 4 |  4.3
Fighting       | |  2.1
Maces & Flails | |  3.0
Throwing       | |  1.7

Action                   || total
-------------------------++-------
Melee: Great mace        ||     5
  Use: Potion            ||     3
Armor: Plate armour      ||     2
Dodge: Dodged            ||     3
